 Dungeon Crawl Stone Soup version 0.23.0-2-g0fe3ce5905 (webtiles) character file.

Game seed: 6423467678137595428

1481 clippy the Shield-Bearer (level 8, -2/42 HPs)
             Began as a Vine Stalker Fighter on Feb 19, 2019.
             Was an Initiate of Sif Muna.
             Slain by a two-headed ogre
             ... wielding a +0 giant club
              (4 damage)
             ... while petrified by Psyche
             ... on level 8 of the Dungeon.
             The game lasted 00:26:58 (4642 turns).

clippy the Shield-Bearer (Vine Stalker Fighter)     Turns: 4642, Time: 00:26:59

Health: -2/42      AC: 14    Str: 21    XL:     8   Next: 79%
Magic:  0/9        EV:  2    Int:  8    God:    Sif Muna [......]
Gold:   141        SH:  0    Dex: 14    Spells: 7/7 levels left

rFire    . . .     SeeInvis +   E - +2 war axe (flame)
rCold    . . .     Gourm    .   c - +0 shield
rNeg     + + +     Faith    .   q - +4 scale mail {rN+}
rPois    ∞         Spirit   +   j - +2 helmet {SInv}
rElec    .         Reflect  .   (no cloak)
rCorr    .         Harm     .   (no gloves)
MR       +....                  (no boots)
Stlth    ..........             (no amulet)
HPRegen  0.54/turn              (no ring)
MPRegen  0.11/turn              (no ring)

@: lethally poisoned (-2 -> -2), petrified, very slightly contaminated, lightly
drained, invisible
A: fangs 3, regeneration 1, magic shield, antimagic bite, no potion heal 3, rot
immunity
a: Renounce Religion


You were on level 8 of the Dungeon.
You worshipped Sif Muna.
Sif Muna was noncommittal.
You were not hungry.

You visited 1 branch of the dungeon, and saw 7 of its levels.

You collected 216 gold pieces.
You spent 75 gold pieces at shops.

Inventory:

Hand Weapons
 a - a +0 long sword
 g - a +0 dagger
 l - a +0 whip
 m - a +0 long sword
 o - a +0 whip
 x - a +2 short sword of venom
 y - a +0 hunting sling
 E - a +2 war axe of flaming (weapon)
Missiles
 e - 137 stones (quivered)
 h - 51 sling bullets
Armour
 b - a +0 scale mail
 c - a +0 shield (worn)
 i - a +0 robe
 j - a +2 helmet of see invisible (worn)
 k - a +0 scale mail of positive energy
 n - a +0 robe
 q - a +4 scale mail of positive energy (worn)
 r - a +0 robe
 w - a +0 ring mail
 B - a +3 leather armour
 H - a +0 helmet
Scrolls
 s - a scroll of enchant armour
 t - a scroll of random uselessness
 C - a scroll of noise {unknown}
 D - a scroll of enchant weapon {unknown}
 F - 2 scrolls of identify
Potions
 d - a potion of might
 p - a potion of cancellation
 v - 3 potions of lignification
 A - a potion of haste
 G - 3 potions of heal wounds
Comestibles
 f - 8 rations


   Skills:
 + Level 4.0(3.8) Fighting
 + Level 0.9(2.4) Short Blades
 + Level 3.7 Long Blades
 + Level 4.1(3.9) Axes
 + Level 2.3(2.2) Slings
 + Level 0.1(1.3) Throwing
 + Level 3.9(3.8) Armour
 + Level 2.0(1.9) Dodging
 + Level 0.2(0.1) Stealth
 + Level 5.8(5.7) Shields


You had 7 spell levels left.
You didn't know any spells.
Your spell library was empty.

Dungeon Overview and Level Annotations

Branches:
Dungeon (8/15)             Temple (0/1) D:4            Lair (0/6) D:8

Altars:
Cheibriados
Ru
Sif Muna
Trog
Uskayaw
Zin
The Shining One

Shops:
D:5 }%!

Annotations:
D:8 Psyche


Innate Abilities, Weirdness & Mutations

You have razor-sharp teeth.
Your natural rate of healing is unusually fast.
When hurt, damage is shared between your health and your magic reserves.
Your bite disrupts and absorbs the magic of your enemies.
Potions cannot restore your health.
You are immune to rotting.


Message History

Psyche hits you but does no damage. x2
You are slowing down.
Psyche gestures at you while chanting. The puff of frost hits you!
* * * LOW HITPOINT WARNING * * *
Psyche laughs secretively.
Psyche hits you with a +3 dagger of chaos.
Psyche hits you but does no damage.
You are more poisoned.
Your limbs are stiffening.
You have turned to stone.
The two-headed ogre hits you with a +0 giant club!
* * * LOW HITPOINT WARNING * * *
The two-headed ogre hits you with a +0 giant club!!
* * * LOW HITPOINT WARNING * * *
Psyche gestures at you while chanting.
The puff of frost hits the two-headed ogre.
A centaur zombie comes into view.
The two-headed ogre hits you with a +0 giant club!
You die...

#+# #.# #.# #.#
#.# ############
#.#####...........
#@s.s.'...........
#O#####...........
#@# #......####.
#.# ######## #.
#>Z .. #### #. ..


You could see a two-headed ogre, Psyche, a scorpion and a centaur zombie
(wandering).

Vanquished Creatures
  2 porcupines (D:8)
  A black bear (D:8)
  2 ogres (D:5)
  A big kobold (D:8)
  3 bullfrogs
  A scorpion (D:8)
  3 howler monkeys (D:8)
  3 crimson imps
  A bullfrog skeleton (D:5)
  2 centaur skeletons
  2 hounds (D:8)
  An orc wizard (D:8)
  Terence (D:2)
  An iguana (D:4)
  2 worker ants
  A hound skeleton (D:5)
  A howler monkey zombie (D:5)
  8 adders
  3 gnolls (D:4)
  A howler monkey skeleton (D:4)
  A shadow imp (D:5)
  An ooze (D:2)
  An adder zombie (D:5)
  An adder skeleton (D:4)
  A worm (D:4)
  3 leopard geckos
  9 orcs
  5 giant cockroaches
  7 goblins
  5 hobgoblins
  4 jackals (D:4)
  12 kobolds
  2 quokkas
  2 ball pythons
  5 bats
  4 frilled lizards
  2 rats
  6 fungi (D:8)
  3 plants (D:8)
114 creatures vanquished.

Notes
Turn   | Place    | Note
-------+----------+-------------------------------------------
     0 | D:1      | clippy the Vine Stalker Fighter began the quest for the
                  | Orb.
     0 | D:1      | Reached XP level 1. HP: 11/11 MP: 2/2
   248 | D:1      | Reached XP level 2. HP: 16/16 MP: 3/3
   760 | D:1      | Reached skill level 3 in Shields
   869 | D:2      | Reached XP level 3. HP: 18/19 MP: 2/4
   985 | D:1      | You fall through a shaft!
   985 | D:2      | Noticed Terence
  1003 | D:2      | Killed Terence
  1003 | D:2      | Gained mutation: Your natural rate of healing is unusually
                  | fast. [Vine Stalker growth]
  1003 | D:2      | Reached XP level 4. HP: 1/23 MP: 1/5
  1516 | D:3      | Noticed a bullfrog
  1526 | D:3      | Killed a bullfrog
  1526 | D:3      | Reached skill level 4 in Shields
  1526 | D:3      | Reached XP level 5. HP: 18/28 MP: 6/6
  1935 | D:4      | Reached XP level 6. HP: 29/32 MP: 7/7
  2080 | D:4      | Found a staircase to the Ecumenical Temple.
  2246 | D:4      | Reached skill level 1 in Dodging
  2447 | D:4      | Found a deep blue altar of Sif Muna.
  2478 | D:4      | Became a worshipper of Sif Muna the Loreminder
  2643 | D:4      | Found a bloodstained altar of Trog.
  2643 | D:4      | Found a hide-covered altar of Uskayaw.
  2644 | D:4      | Found a glowing silver altar of Zin.
  3410 | D:5      | Entered Level 5 of the Dungeon
  3411 | D:5      | Found Bettaseapi's Distillery.
  3446 | D:5      | Found a glowing golden altar of the Shining One.
  3512 | D:5      | Found a snail-covered altar of Cheibriados.
  3519 | D:5      | Reached skill level 1 in Slings
  3519 | D:5      | Reached XP level 7. HP: 15/36 MP: 4/8
  3583 | D:5      | Found Bowkya Mifu's Food Shop.
  3731 | D:5      | Bought a potion of heal wounds for 75 gold pieces
  4082 | D:5      | Found Keesotte's Gadget Shop.
  4186 | D:5      | Reached skill level 1 in Axes
  4244 | D:5      | You fall through a shaft for 3 floors!
  4348 | D:8      | Reached skill level 5 in Shields
  4348 | D:8      | Gained mutation: You have razor-sharp teeth. [Vine Stalker
                  | growth]
  4348 | D:8      | Reached XP level 8. HP: 28/41 MP: 9/9
  4360 | D:8      | Found a sacrificial altar of Ru.
  4489 | D:8      | Noticed Psyche
  4491 | D:8      | Noticed a two-headed ogre
  4502 | D:8      | HP: 2/42 [two-headed ogre/+0 giant club (2)]
  4575 | D:8      | Found a staircase to the Lair.
  4641 | D:8      | HP: 2/42 [two-headed ogre/+0 giant club (6)]
  4642 | D:8      | Slain by a two-headed ogre

Skill      XL: |  1  2  3  4  5  6  7  8 |
---------------+-------------------------+-----
Long Blades    | 2 3 |  3.7
Shields        | 3 4 5 |  5.8
Fighting       | 3 4 |  4.0
Armour         | 3 |  3.9
Dodging        | 1 2 |  2.0
Slings         | 1 2 |  2.3
Axes           | 2 4 |  4.1
Short Blades   | |  0.9
Throwing       | |  0.1
Stealth        | |  0.2

Action                   |  1- 3 |  4- 6 |  7- 9 || total
-------------------------+-------+-------+-------++-------
Melee: Long sword        |    77 |   118 |       ||   195
       Bite              |    20 |    39 |    62 ||   121
       Short sword       |       |     9 |       ||     9
       War axe           |       |     3 |   177 ||   180
 Fire: Hunting sling     |       |    33 |       ||    33
Throw: Stone             |       |       |     8 ||     8
  Use: Scroll            |     2 |     8 |     3 ||    13
       Potion            |     1 |       |     1 ||     2
  Eat: Ration            |       |     3 |     1 ||     4
Armor: Scale mail        |    29 |    93 |   116 ||   238
Dodge: Dodged            |    27 |    53 |    75 ||   155
Block: Shield            |    39 |    82 |   133 ||   254
       Rpst.: Long sword |     8 |    13 |       ||    21
